 Dungeon Crawl Stone Soup version 0.27-a0-277-g024f7ef292 (webtiles) character file.

Game seed: 7377666816052116710

18564 Nattfarinn the Epochal (level 12, -7/98 HPs)
             Began as a Barachi Ice Elementalist on Feb 6, 2021.
             Was an Elder of Cheibriados.
             Killed from afar by Azrael (34 damage)
             ... with damnation
             ... on level 12 of the Dungeon.
             The game lasted 01:02:08 (21174 turns).

Nattfarinn the Epochal (Barachi Ice Elementalist)  Turns: 21174, Time: 01:02:09

Health: -7/98      AC: 11    Str: 19    XL:     12   Next: 59%
Magic:  21/21      EV: 23    Int: 31    God:    Cheibriados [****..]
Gold:   36         SH:  6    Dex: 23    Spells: 7/22 levels left

rFire    x . .     SeeInvis .   q - +6 trident (protect)
rCold    + . .     Faith    .   W - +0 buckler
rNeg     . . .     Spirit   .   M - +2 robe {Will+}
rPois    .         Reflect  .   U - +2 hat
rElec    +         Harm     .   (no cloak)
rCorr    .         Rampage  .   t - +1 pair of gloves
Will     +....     Rnd*Rage +   (no boots)
Stlth    ++........             (no amulet)
HPRegen  0.26/turn              x - ring of ice
MPRegen  0.17/turn              B - ring "Ephuruilea" {+Fly rElec}

@: can't hop, studying Invocations, very slow
A: +LOS, swims, molten scales 1, berserk 1, sense surroundings 1, slowness 1,
strong legs 1
a: Hop, Renounce Religion, Evoke Flight, Bend Time, Temporal Distortion, Slouch


You were on level 12 of the Dungeon.
You worshipped Cheibriados.
Cheibriados was greatly pleased with you.
You visited 2 branches of the dungeon, and saw 14 of its levels.
You visited 1 bazaar.
You also visited: Bailey.

You collected 666 gold pieces.
You spent 630 gold pieces at shops.

Inventory:

Hand Weapons
 g - the +5 long sword of the Hundredfold Orbs {freeze, +Fly rC- Str-5 SInv}
   (You bought it in a shop in a bazaar)

   It has been specially enchanted to freeze those struck by it, causing extra
   injury to most foes and up to half again as much damage against particularly
   susceptible opponents.
   It can also slow down cold-blooded creatures.
   It affects your strength (-5).
   It makes you vulnerable to cold.
   It lets you see invisible.
   It lets you fly.
 i - a +0 whip of venom
 q - a +6 trident of protection (weapon)
Missiles
 K - 20 boomerangs
 S - 3 silver javelins
Armour
 a - a +0 robe
 r - a +2 chain mail of fire resistance
 t - a +1 pair of gloves (worn)
 y - a cursed +0 tower shield
 M - a +2 robe of willpower (worn)
 R - a +0 pair of boots
 U - a +2 hat (worn)
 W - a +0 buckler (worn)
Jewellery
 f - an uncursed amulet of faith
 x - a ring of ice (left hand)
 B - the ring "Ephuruilea" (right hand) {+Fly rElec}
   (You found it on level 5 of the Dungeon)

   [ring of flight]

   It insulates you from electricity.
   It lets you fly.
 G - an uncursed ring of flight {unknown}
 H - an uncursed ring of see invisible {unknown}
 N - an uncursed ring of magical power {unknown}
 X - an uncursed amulet of guardian spirit
Wands
 l - a wand of flame (51)
 s - a wand of digging (3)
 E - a wand of paralysis (39)
 F - a wand of charming (19)
 L - a wand of iceblast (9)
 Q - a wand of polymorph (11)
Scrolls
 c - 3 scrolls of brand weapon {unknown}
 e - 6 scrolls of teleportation
 n - a scroll of amnesia
 p - 2 scrolls of remove curse
 w - a scroll of immolation
 J - a scroll of holy word
Potions
 b - 3 potions of attraction
 k - 4 potions of might
 z - 3 potions of resistance
 A - 3 potions of lignification
 D - 2 potions of brilliance


   Skills:
 - Level 10.5 Fighting
 - Level 7.8 Armour
 - Level 10.4 Dodging
 - Level 1.7 Stealth
 - Level 4.3 Shields
 - Level 5.6 Spellcasting
 * Level 4.6 Summonings
 + Level 10.7 Ice Magic
 - Level 12.0 Invocations


You had 7 spell levels left.
You knew the following spells:

 Your Spells              Type           Power        Failure   Level
a - Freeze                Ice            100%         1%          1
b - Frozen Ramparts       Ice            100%         1%          3
c - Summon Ice Beast      Ice/Summ       71%          2%          4
d - Ozocubu's Armour      Ice            85%          1%          3
e - Summon Lightning Spi  Summ/Air       23%          21%         4

Your spell library contained the following spells:

 Spells                   Type           Power        Failure   Level
 Summon Small Mammal      Summ           100%         1%          1
 Call Imp                 Summ           37%          1%          2
 Call Canine Familiar     Summ           37%          2%          3
 Hailstorm                Conj/Ice       58%          5%          4
 Summon Guardian Golem    Hex/Summ       23%          6%          3


Dungeon Overview and Level Annotations

Branches:
Dungeon (13/15)            Temple (1/1) D:5            Lair (0/6) D:10
    Orc (0/2) D:9          Bailey (visited)
 Vaults: D:13-14

Altars:
Ashenzari
Cheibriados
Dithmenos
Elyvilon
Fedhas
Gozag
Hepliaklqana
Kikubaaqudgha
Makhleb
Nemelex Xobeh
Okawaru
Qazlal
Ru
Sif Muna
Trog
Uskayaw
Vehumet
Wu Jian
Xom
Yredelemnul
Zin
The Shining One
Lugonu

Shops:
D:6 [   D:7 ==!   D:9 *?[

Annotations:
D:12 Azrael


Innate Abilities, Weirdness & Mutations

You can be seen from farther away. (+LOS)
You can swim through water.
You cover ground slowly.
You can hop short distances.
You are partially covered in molten scales. (AC +2)
You tend to lose your temper in combat.
You passively map a small area around you.


Message History

Azrael gestures at you.
The sphere of damnation explodes!
The damnation engulfs you!!
The damnation engulfs something!!
Reactivating autopickup.
Casting: Summon Ice Beast (dangerous; 2% risk of failure)
Confirm with . or Enter, or press ? or * to list all spells.
Okay, then.
Azrael gestures at you. The bolt of fire misses you.
Azrael blows smoke rings.
Azrael gestures at you.
The fireball explodes!
The fireball engulfs you!!! The fire burns you terribly!
* * * LOW HITPOINT WARNING * * *
Unknown command.
Hop to where?
Press: ? - help, Dir - move target Boing!
Azrael gestures at you.
The sphere of damnation explodes!
The damnation engulfs you!!
You die...

* #...
#÷#........#.....
#...###.#........#.####
#....##.########.#.#
*#.....#### #...#,*, *
##........######..# * *
#........>........# *
#...........####..#
#...........####..#, .
* , ###..@###.#...##..#
*#
..........##.#.......#
*,
...#####.............#
......##.#####.......#
, #...°#####.......# ,
, #....R○..#.......####
* *
#.######†R.......!...
#,* #...°......###*
#....###..<...#,


You could see Azrael.

Vanquished Creatures
  A boulder beetle (D:11)
  Harold (D:7)
  A hydra (D:13)
  Erica (D:8)
  An unseen horror (D:10)
  Pikel (D:7)
  2 deep elf pyromancers (D:12)
  2 manticores
  2 meliai (D:12)
  5 trolls
  2 hornets
  A shadow (D:12)
  2 wraiths
  A wyvern (D:8)
  13 yaks
  2 steam dragons (D:5)
  2 nameless horrors
  A fire elemental (D:12)
  2 vampire mosquitoes (D:11)
  4 hell hounds (D:12)
  Edmund (D:4)
  5 water moccasins
  2 black bears
  3 eyes of draining
  4 orc warriors
  A sky beast (D:5)
  A necrophage (D:11)
  4 ogres
  9 centaurs
  2 lemures (D:7)
  A phantom (D:12)
  6 big kobolds
  10 bullfrogs
  3 earth elementals (D:11)
  A gnoll sergeant (D:13)
  6 scorpions
  3 killer bees (D:10)
  2 howler monkeys
  A bullfrog zombie (D:8)
  A jelly (D:10)
  2 centaur zombies
  7 hounds
  A bullfrog skeleton (D:9)
  2 centaur skeletons
  5 orc priests
  Natasha (thrice) (D:3)
  5 orc wizards
  7 worker ants
  A hound zombie (D:6)
  3 gnolls
  12 adders
  A white imp (D:8)
  An ufetubus (D:10)
  An ooze (D:1)
  2 adder skeletons
  An adder zombie (D:5)
  3 worms
  4 dart slugs
  2 leopard geckos
  36 orcs
  8 bats
  3 giant cockroaches
  9 goblins
  6 hobgoblins
  6 jackals
  9 quokkas
  4 frilled lizards
  A jackal skeleton (D:4)
  37 kobolds
  2 quokka skeletons
  5 rats
302 creatures vanquished.

Vanquished Creatures (collateral kills)
  A boulder beetle (D:12)
  A two-headed ogre (D:10)
  An ugly thing (D:11)
  A meliai (D:11)
  A wraith (D:12)
  A fire elemental (D:12)
  2 vampire mosquitoes
  Menkaure (D:7)
  A sky beast (D:11)
  3 necrophages (D:8)
  An orc warrior (D:6)
  A phantom (D:8)
  A nameless horror (D:7)
  An earth elemental (D:11)
  A bullfrog zombie (D:7)
  A jelly (D:12)
  A mummy (D:7)
  A hound zombie (D:8)
  A worker ant zombie (D:8)
  A gnoll (D:13)
  An orc (D:7)
  A quokka zombie (D:8)
25 creatures vanquished.

Vanquished Creatures (others)
  2 ugly things (D:12)
  A meliai zombie (D:12)
  A yak (D:12)
  A sky beast (D:12)
  2 bushes (D:8)
  63 fungi
  47 plants
117 creatures vanquished.

Grand Total: 444 creatures vanquished

Notes
Turn   | Place    | Note
-------+----------+-------------------------------------------
     0 | D:1      | Nattfarinn the Barachi Ice Elementalist began the quest for
                  | the Orb.
     0 | D:1      | Reached XP level 1. HP: 13/13 MP: 3/3
    98 | D:1      | Reached skill level 5 in Ice Magic
   183 | D:1      | Reached XP level 2. HP: 14/19 MP: 1/5
  1391 | D:1      | Reached XP level 3. HP: 18/24 MP: 7/7
  1395 | D:1      | Learned a level 3 spell: Frozen Ramparts
  1976 | D:2      | Found a radiant altar of Vehumet.
  2668 | D:2      | Reached XP level 4. HP: 30/30 MP: 1/8
  2732 | D:2      | Found a glowing golden altar of the Shining One.
  3826 | D:3      | Noticed Natasha
  3834 | D:3      | Killed Natasha
  3835 | D:3      | Reached XP level 5. HP: 35/35 MP: 3/10
  3911 | D:3      | Found a sparkling altar of Nemelex Xobeh.
  3917 | D:3      | Noticed Natasha
  3974 | D:3      | Killed Natasha
  4114 | D:3      | Noticed Natasha
  4403 | D:3      | Found an opulent altar of Gozag.
  4502 | D:3      | Killed Natasha
  4503 | D:3      | Reached XP level 6. HP: 33/41 MP: 7/12
  4684 | D:4      | Reached XP level 7. HP: 16/46 MP: 10/13
  5540 | D:4      | Noticed Edmund
  5547 | D:4      | Learned a level 4 spell: Summon Ice Beast
  5556 | D:4      | Killed Edmund
  5761 | D:5      | Entered Level 5 of the Dungeon
  5814 | D:5      | Reached skill level 5 in Spellcasting
  5955 | D:5      | Found a staircase to the Ecumenical Temple.
  6089 | Temple   | Entered the Ecumenical Temple
  6223 | D:5      | Got a slimy amber ring
  6233 | D:5      | Found a burning altar of Makhleb.
  6236 | D:5      | Found a glowing silver altar of Zin.
  6236 | D:5      | Noticed an angel
  6237 | D:5      | Noticed a cacodemon
  6539 | D:5      | Found a stormy altar of Qazlal.
  7037 | D:5      | Noticed a steam dragon
  7054 | D:5      | Killed a steam dragon
  7055 | D:5      | Reached skill level 10 in Ice Magic
  7055 | D:5      | Reached XP level 8. HP: 5/52 MP: 2/16
  7559 | D:5      | Noticed a nameless horror
  7643 | D:5      | Killed a nameless horror
  7843 | D:5      | Reached skill level 1 in Armour
  8139 | D:6      | Found a shadowy altar of Dithmenos.
  8403 | D:6      | Found Keqif's Antique Armour Boutique.
  8440 | D:6      | Identified the ring "Ephuruilea" {+Fly rElec} (You found it
                  | on level 5 of the Dungeon)
  8931 | D:6      | Reached skill level 5 in Dodging
  9545 | D:7      | Found Lomoc's Jewellery Shoppe.
  9573 | D:7      | Found a flagged portal.
  9611 | D:7      | Reached XP level 9. HP: 14/57 MP: 4/17
  9644 | Bailey   | Entered a bailey
  9686 | Bailey   | Noticed an orc warlord
  9783 | D:7      | Found Renygof's Jewellery Shop.
  9854 | D:7      | Found Bocaum's Distillery.
  9856 | D:7      | Noticed Pikel
  9871 | D:7      | Killed Pikel
  9872 | D:7      | Reached skill level 5 in Armour
  9904 | D:7      | Bought a potion of heal wounds for 65 gold pieces
  9904 | D:7      | Bought a potion of heal wounds for 65 gold pieces
 10054 | D:7      | Found a snail-covered altar of Cheibriados.
 10187 | D:7      | Noticed Harold
 10199 | D:7      | Killed Harold
 10200 | D:7      | Reached XP level 10. HP: 38/63 MP: 4/18
 10621 | D:7      | Noticed Menkaure
 10633 | D:7      | Killed Menkaure
 11016 | D:8      | Noticed Erica
 11026 | D:8      | Killed Erica
 11027 | D:8      | Reached skill level 10 in Dodging
 11924 | D:8      | Found a blossoming altar of Fedhas.
 12369 | D:7      | Became a worshipper of Cheibriados the Contemplative
 12407 | D:9      | Found Luorrarph's Assorted Antiques.
 12436 | D:9      | Reached skill level 5 in Fighting
 12440 | D:9      | Bought a translucent helmet for 313 gold pieces
 12445 | D:9      | Identified the +4 helmet "Xafesk" {Rampage +Fly rCorr
                  | Dex-2} (You bought it in a shop on level 9 of the Dungeon)
 12586 | D:9      | Found Ucorghu's Antique Armour Boutique.
 12627 | D:9      | Found a staircase to the Orcish Mines.
 12663 | D:9      | Found Zunearr's Magic Scroll Emporium.
 12821 | D:9      | Found an iron altar of Okawaru.
 13115 | D:10     | Entered Level 10 of the Dungeon
 13231 | D:10     | Reached * piety under Cheibriados
 13499 | D:10     | Reached XP level 11. HP: 72/87 MP: 15/19
 13650 | D:10     | Found a staircase to the Lair.
 13699 | D:10     | Reached ** piety under Cheibriados
 13846 | D:10     | Killed an unseen horror
 13847 | D:10     | Reached skill level 10 in Fighting
 14090 | D:10     | Noticed a two-headed ogre
 14099 | D:10     | Killed a two-headed ogre
 14797 | D:11     | Noticed a red ugly thing
 14805 | D:11     | Killed a red ugly thing
 14806 | D:11     | Reached skill level 1 in Shields
 15510 | D:11     | Reached *** piety under Cheibriados
 15511 | D:11     | Reached skill level 1 in Invocations
 15650 | D:11     | Noticed a boulder beetle
 15657 | D:11     | Reached skill level 2 in Invocations
 15665 | D:11     | Killed a boulder beetle
 15666 | D:11     | Reached skill level 4 in Invocations
 16108 | D:11     | Noticed a manticore
 16115 | D:11     | Killed a manticore
 16116 | D:11     | Reached skill level 5 in Invocations
 16352 | D:11     | Reached skill level 6 in Invocations
 17320 | D:11     | Learned a level 3 spell: Ozocubu's Armour
 17490 | D:11     | Reached skill level 7 in Invocations
 17656 | D:11     | Paralysed by a hornet for 2 turns
 18440 | D:11     | Reached skill level 8 in Invocations
 19180 | D:13     | Noticed a deep elf pyromancer
 19310 | D:12     | Reached **** piety under Cheibriados
 19389 | D:12     | Killed a deep elf pyromancer
 19390 | D:12     | Reached skill level 9 in Invocations
 19390 | D:12     | Reached XP level 12. HP: 71/98 MP: 12/20
 19535 | D:13     | Noticed a four-headed hydra
 19548 | D:13     | Killed a four-headed hydra
 19549 | D:13     | Reached skill level 10 in Invocations
 19797 | D:13     | Found a flickering gateway to a bazaar.
 19808 | Bazaar   | Entered a bazaar
 19883 | Bazaar   | Found Fucuac's Armour Boutique.
 19886 | Bazaar   | Found Nuqateg's Armour Boutique.
 19887 | Bazaar   | Found Obov's Assorted Antiques.
 19887 | Bazaar   | Found Efuq Ben's Armour Boutique.
 19927 | Bazaar   | Bought an iridescent long sword for 187 gold pieces
 19927 | Bazaar   | Identified the +5 long sword of the Hundredfold Orbs
                  | {freeze, +Fly rC- Str-5 SInv} (You bought it in a shop in a
                  | bazaar)
 19945 | D:13     | Learned a level 4 spell: Summon Lightning Spire
 20124 | D:12     | Noticed a boulder beetle
 20133 | D:12     | Killed a boulder beetle
 20134 | D:12     | Reached skill level 11 in Invocations
 20421 | D:12     | Reached skill level 12 in Invocations
 20457 | D:12     | Reached skill level 1 in Summonings
 20468 | D:12     | Noticed Azrael
 20469 | D:12     | Gained mutation: You tend to lose your temper in combat.
                  | [potion of mutation]
 20469 | D:12     | Gained mutation: You are partially covered in molten
                  | scales. (AC +2) [potion of mutation]
 20469 | D:12     | Gained mutation: You passively map a small area around you.
                  | [potion of mutation]
 20810 | D:12     | Paralysed by a hornet for 2 turns
 21174 | D:12     | Killed from afar by Azrael

Illustrated notes

Levels and vault maps discovered:
D:1:      matt_arrival_grand_opening, layout_basic, glass_columns_c
D:2:      layout_loops_corners, nicolae_tso_swordbearing_angel,
          lemuel_crystal_altar, grunt_ministairs_15, patterned_corridor
D:3:      layout_basic, overflow_temple_1_default, nicolae_gozag_seed_capital,
          uniq_natasha
D:4:      layout_gridville, minmay_manual_mares, uniq_edmund
D:5:      kennysheep_steamy, layout_loops_ring,
          grunt_temple_overflow_order_and_chaos_2,
          nicolae_qazlal_general_emergency, minmay_temple_entry_large_hall
D:6:      layout_loops_cross, lemuel_crystal_altar, serial_shops,
          nicolae_shop_competitors_out_of_business
D:7:      layout_rooms, slow_altar_1, enter_bailey_4, serial_shops, shop,
          nicolae_shop_statue_plus, shop, chequers_jeans, uniq_pikel,
          uniq_menkaure, uniq_harold
D:8:      layout_rooms, fedhas_altar_decomposition,
          minmay_fractal_squares_diagonal_5, uniq_erica
D:9:      layout_basic, okawaru_ov_weapons_minmay, orc_0_dummy, serial_shops,
          shop_statue, shop, shop
D:10:     layout_stronghold, due_lair_maze_entry_diamond
D:11:     layout_grid_maze
D:12:     minmay_stone_box, layout_rooms, gammafunk_ghost_cemetery,
          roderic_lattice_a, uniq_azrael
D:13:     layout_rooms, serial_shops, bzr_entry_islet
Temple:   kb_corrupted_temple

Skill      XL: |  1  2  3  4  5  6  7  8  9 10 11 12 |
---------------+-------------------------------------+-----
Ice Magic      | 5 6 7 8 10 | 10.7
Spellcasting   | 3 4 5 |  5.6
Armour         | 4 6 7 |  7.8
Dodging        | 5 9 10 | 10.4
Fighting       | 8 10 | 10.5
Shields        | 4 |  4.3
Invocations    | 9 12 | 12.0
Summonings     | 4 |  4.6
Stealth        | |  1.7

Action                   |  1- 3 |  4- 6 |  7- 9 | 10-12 || total
-------------------------+-------+-------+-------+-------++-------
Melee: Unarmed           |     6 |       |       |       ||     6
       Whip              |    53 |    47 |       |       ||   100
       Trident           |       |    44 |   166 |   550 ||   760
 Cast: Freeze            |    31 |       |     1 |     5 ||    37
       Frozen Ramparts   |     2 |    14 |    29 |    60 ||   105
       Summon Ice Beast  |       |       |    15 |    60 ||    75
       Ozocubu's Armour  |       |       |       |     3 ||     3
       Summon Lightning  |       |       |       |     2 ||     2
Invok: Slouch            |       |       |       |     2 ||     2
 Abil: Hop               |       |       |     1 |     8 ||     9
       Evoke Flight      |       |       |       |     1 ||     1
  Use: Scroll            |     2 |       |       |    28 ||    30
       Potion            |       |     4 |     2 |    12 ||    18
 Stab: Sleeping          |     1 |     6 |     8 |     7 ||    22
       Distracted        |       |       |       |     7 ||     7
Armor: Robe              |    15 |    12 |    56 |   133 ||   216
Dodge: Dodged            |    55 |    50 |   116 |   536 ||   757
Block: Buckler           |       |       |       |   115 ||   115

Table legend: (Time is in decaauts)
 A = Elapsed time spent in this place.
 B = Non-inter-level travel time spent in this place.
 C = Inter-level travel time spent in this place.
 D = Time resting spent in this place.
 E = Time spent auto-exploring this place.
 F = Levels seen in this place.
 G = Mean time per level.
                   A        B        C        D        E       F      G
               +--------+--------+--------+--------+--------+-----+--------+
         Total |  25065 |  23317 |   1748 |   9692 |   9779 |  16 | 1566.6 |
       Dungeon |  24619 |  22896 |   1723 |   9534 |   9610 |  13 | 1893.8 |
        Temple |    139 |    114 |     25 |      0 |    114 |   1 |  139.0 |
        Bazaar |    181 |    181 |      0 |     73 |     55 |   1 |  181.0 |
        Bailey |    124 |    124 |      0 |     84 |      0 |   1 |  124.0 |
               +--------+--------+--------+--------+--------+-----+--------+

Top non-repeatable levels by time:
    D:11: 5308 daAuts
     D:5: 2445 daAuts
    D:10: 2343 daAuts
    D:12: 2056 daAuts
     D:2: 1855 daAuts
     D:8: 1666 daAuts
     D:1: 1636 daAuts
     D:6: 1621 daAuts
     D:7: 1536 daAuts
     D:3: 1504 daAuts
     D:4: 1312 daAuts
     D:9: 1116 daAuts
    D:13: 215 daAuts
  Bazaar: 181 daAuts
  Temple: 139 daAuts
